AoeStats
← lbaquino21

Arabia

509995227Analyzed
1v1 RM · 2d ago on Sep 29, 2026· 39m 0s· 2 players
Game mode
Random Map
Map size
Tiny (2 player)
Population
200
Speed
Normal
Resources
Standard
Victory
Conquest
Starting age
Dark Age
Ending age
Imperial Age
RankedLock teamsTeams togetherTeam positionsShared explorationLock speedFull tech treeHidden civsTurbo modeCheats
Victory
Defeat
🇨🇴 Spanish · Colombia
487
+18
🇧🇷 Varangians · Brazil
524
-22
Tito18699
11:34 Feudal Age
17:24 Castle Age
16:54 Double-Bit Axe
16:53 Horse Collar
18:52 Bow Saw
18:59 Heavy Plow
25:11 Wheelbarrow
24:22 Loom
27:00 Husbandry
27:11 Bloodlines
27:50 Fervor
38:03 Inquisition
38:35 Town Watch
lbaquino21
6:57 Loom
10:14 Feudal Age
13:16 Double-Bit Axe
19:07 Man-at-Arms
25:07 Castle Age
24:18 Bloodlines
25:23 Pikeman
26:04 Squires
27:05 Crossbowman
38:45 Wheelbarrow
38:27 Scale Barding Armor
38:24 Scale Mail Armor
38:34 Forging
Connection lost

Rejoining the realm…

Still unreachable

The connection could not be restored.

Session expired

The server has moved on; the page needs a fresh start.